 Dungeon Crawl Stone Soup version 0.28-a0-991-g956f0ee3d5 (webtiles) character file.

Game seed: 7165136892664272212

4573 voltaire321 the Sneak (level 10, 0/66 HPs)
             Began as an Octopode Earth Elementalist on Dec 5, 2021.
             Was a Follower of Vehumet.
             Slain by a centaur zombie (2 damage)
             ... on level 9 of the Dungeon.
             The game lasted 00:30:20 (10221 turns).

voltaire321 the Sneak (OpEE)                       Turns: 10221, Time: 00:30:21

Health: 0/66       AC:  1    Str: 13    XL:     10   Next: 41%
Magic:  17/18      EV: 16    Int: 30    God:    Vehumet [*.....]
Gold:   479        SH:  6    Dex: 16    Spells: 14/20 levels left

rFire   . . .      SeeInvis .   e - +9 rapier "Ohetzez" {venom, rN+ Str+5 Stlth+}
rCold   . . .      Faith    .   i - +1 buckler
rNeg    + . .      Spirit   .   (helmet restricted)
rPois   .          Reflect  .   f - amulet of regeneration
rElec   .          Harm     .   m - +6 ring of intelligence
rCorr   .          Rampage  .   v - +6 ring of intelligence
Will    .....                   (no ring)
Stlth   +++++.....              (no ring)
HPRegen 1.01/turn               (no ring)
MPRegen 0.16/turn               (no ring)
                                (no ring)
                                (no ring)

@: no status effects
A: almost no armour, amphibious, 8 rings, camouflage 1, gelatinous body 1,
(nimble swimmer 1), tentacles
a: Renounce Religion


You were on level 9 of the Dungeon.
You worshipped Vehumet.
Vehumet was aware of your devotion.
You visited 2 branches of the dungeon, and saw 10 of its levels.

You collected 479 gold pieces.

Inventory:

Hand Weapons
 e - the +9 rapier "Ohetzez" (weapon) {venom, rN+ Str+5 Stlth+}
   (You found it on level 4 of the Dungeon)

   It poisons the flesh of those it strikes.
   Str:       It affects your strength (+5).
   rN:        It protects you from negative energy.
   Stlth:     It makes you more stealthy.
Missiles
 b - 216 stones
 l - a throwing net
 o - a curare-tipped dart (quivered)
Armour
 i - a +1 buckler (worn)
Jewellery
 f - an amulet of regeneration (around mantle)
 m - a +6 ring of intelligence (left tentacle)
 r - a ring of ice
 v - a +6 ring of intelligence (right tentacle)
Wands
 p - a wand of polymorph (9)
 s - a wand of digging (4)
Scrolls
 a - 2 scrolls of amnesia
 d - 4 scrolls of teleportation
 g - 2 scrolls of blinking
 q - a scroll of magic mapping
Potions
 c - a potion of invisibility
 h - 4 potions of lignification
 j - 4 potions of brilliance
 k - a potion of ambrosia
 n - 2 potions of berserk rage
 t - a potion of heal wounds {unknown}
 w - 2 potions of flight {unknown}


   Skills:
 + Level 5.5 Fighting
 + Level 5.9 Dodging
 + Level 6.5 Stealth
 + Level 3.5 Shields
 + Level 5.3 Unarmed Combat
 + Level 5.5 Spellcasting
 + Level 5.6 Transmutations
 + Level 6.3 Earth Magic


You had 14 spell levels left.
You knew the following spells:

 Your Spells              Type           Power      Damage    Failure   Level
a - Sandblast             Erth           92%        2d19      1%          1
b - Passwall              Tmut/Erth      36%        N/A       1%          2
c - Stone Arrow           Conj/Erth      54%        3d10      4%          3

Your spell library contained the following spells:

 Spells                   Type           Power      Damage    Failure   Level
 Foxfire                  Conj/Fire      32%        2x1d5     6%          1
 Petrify                  Tmut/Erth      44%        N/A       4%          4
 Apportation              Tloc           16%        N/A       6%          1
 Static Discharge         Conj/Air       8%         N/A       9%          2
 Lesser Beckoning         Tloc           8%         N/A       17%         3
 Mephitic Cloud           Conj/Pois/Air  8%         N/A       17%         3
 Dispel Undead            Necr           8%         3d8       50%         4
 Sticky Flame             Conj/Fire      8%         2d3       50%         4
 Iskenderun's Battlesphe  Conj           8%         2d6       85%         5


Dungeon Overview and Level Annotations

Branches:
Dungeon (9/15)             Temple (1/1) D:7
   Lair: D:8-11         Orc: D:9-12

Altars:
Ashenzari
Cheibriados
Dithmenos
Elyvilon
Gozag
Hepliaklqana
Kikubaaqudgha
Makhleb
Nemelex Xobeh
Okawaru
Qazlal
Ru
Sif Muna
Trog
Uskayaw
Vehumet
Wu Jian
Xom
Yredelemnul
Zin
The Shining One

Shops:
D:8 ?

Annotations:
D:3 3 runed translucent doors, browni3141's ghost, amateur OpTm
D:4 2 runed translucent doors, voltaire321's ghost, amateur OpEE


Innate Abilities, Weirdness & Mutations

You cannot wear most types of armour.
You are amphibious.
You can wear up to eight rings at the same time.
Your skin changes colour to match your surroundings (Stealth+).
Your rubbery body absorbs attacks. (AC +1, EV +1)
((You are camouflaged near water. (Stealth+)))
You have tentacles for arms and can constrict up to eight enemies at once.


Message History

Okay, then.
You hit the centaur.
The centaur looks as sick as possible!
You squeeze the centaur.
The centaur is heavily wounded.
The centaur completely misses you. The centaur closely misses you.
The centaur zombie hits you.
* * * LOW HITPOINT WARNING * * *
The centaur zombie barely misses you. The centaur closely misses you.
The centaur kicks you.
* * * LOW HITPOINT WARNING * * *
The centaur zombie hits you.
* * * LOW HITPOINT WARNING * * *
The centaur zombie kicks you.
* * * LOW HITPOINT WARNING * * *
Casting: Sandblast (safe; 1% risk of failure)
Confirm with . or Enter, or press ? or * to list all spells.
Aiming: Sandblast (safe; 1% risk of failure)
Press: ? - help, Shift-Dir - straight line, f - centaur
Aim: a centaur, quivering arrows (severely wounded, extremely poisoned, 90% to hit)
The blast of sand hits the centaur!
You kill the centaur!
Vehumet accepts your kill.
You feel your power returning.
b - 217 stones The centaur zombie barely misses you.
The centaur zombie kicks you but does no damage.
Casting: Sandblast (safe; 1% risk of failure)
Confirm with . or Enter, or press ? or * to list all spells.
Aiming: Sandblast (safe; 1% risk of failure)
Press: ? - help, Shift-Dir - straight line, f - centaur zombie
Aim: a centaur zombie (100% to hit)
The blast of sand hits the centaur zombie!
The centaur zombie is heavily damaged.
b - 216 stones The centaur zombie hits you.
* * * LOW HITPOINT WARNING * * *
The centaur zombie completely misses you.
The centaur zombie hits you but does no damage.
The centaur zombie kicks you.
You die...

........#.#......
........#.#.....
.#
###..#..#.#....#
.# #.....#.#....#
.#
#.....#.#....##.#
####'####.#.....#
#...#..........#
#.†.#..........#
#...'.......Z@.#
#...#.........)#
#####.#........#
...#.....##...
##..#.....# ....
...............
#################


You could see a centaur zombie.

Vanquished Creatures
  A two-headed ogre (D:8)
  A troll (D:9)
  Grinder (D:3)
  Sigmund (D:3)
  A steam dragon (D:9)
  A water moccasin (D:5)
  2 orc warriors (D:8)
  A black bear (D:6)
  An ice beast (D:4)
  A sky beast (D:7)
  3 ogres
  A necrophage (D:7)
  5 centaurs
  2 phantoms
  A kobold brigand (D:9)
  A bullfrog (D:8)
  2 scorpions (D:7)
  A water moccasin skeleton (D:5)
  4 killer bees (D:8)
  8 wights
  A bullfrog zombie (D:6)
  2 centaur zombies
  3 jellies
  4 centaur skeletons
  2 hounds
  3 orc priests
  Jessica (D:3)
  Terence (D:3)
  8 orc wizards
  A killer bee zombie (D:7)
  A hound zombie (D:5)
  2 hound skeletons (D:4)
  Robin (D:3)
  3 gnolls (D:6)
  10 adders
  A white imp (D:7)
  An ufetubus (D:7)
  3 dart slugs
  22 orcs
  12 ball pythons
  4 bats
  9 endoplasms
  3 giant cockroaches
  21 goblins
  11 hobgoblins
  9 kobolds
  5 quokkas
  6 rats
189 creatures vanquished.

Notes
Turn   | Place    | Note
-------+----------+-------------------------------------------
     0 | D:1      | voltaire321 the Octopode Earth Elementalist began the quest
                  | for the Orb.
     0 | D:1      | Reached XP level 1. HP: 11/11 MP: 3/3
    86 | D:1      | Reached XP level 2. HP: 14/18 MP: 3/5
   745 | D:1      | Reached XP level 3. HP: 22/22 MP: 6/6
   766 | D:1      | Found a faded altar of an unknown god.
  1127 | D:2      | Reached skill level 1 in Unarmed Combat
  1450 | D:2      | Reached skill level 1 in Fighting
  1859 | D:2      | Reached XP level 4. HP: 28/28 MP: 5/7
  2191 | D:3      | Noticed Jessica
  2218 | D:3      | Noticed Sigmund
  2226 | D:3      | Killed Sigmund
  2227 | D:3      | Reached XP level 5. HP: 29/34 MP: 7/9
  2227 | D:3      | Reached XP level 6. HP: 33/39 MP: 7/10
  2337 | D:3      | Found a runed translucent gate.
  2337 | D:3      | Found a runed translucent gate.
  2337 | D:3      | Found a runed translucent gate.
  2340 | D:3      | Noticed browni3141's ghost (amateur OpTm)
  2706 | D:3      | Noticed Terence
  2731 | D:3      | Killed Terence
  2917 | D:3      | Noticed Grinder
  3083 | D:3      | Killed Grinder
  3084 | D:3      | Reached XP level 7. HP: 26/45 MP: 0/12
  3093 | D:3      | Noticed Robin
  3546 | D:3      | Killed Robin
  3749 | D:3      | Learned a level 2 spell: Passwall
  3753 | D:3      | Learned a level 3 spell: Stone Arrow
  3785 | D:3      | Killed Jessica
  4612 | D:4      | Found a large runed translucent door.
  4612 | D:4      | Found a large runed translucent door.
  4649 | D:4      | Noticed voltaire321's ghost (amateur OpEE)
  4660 | D:4      | Reached XP level 8. HP: 52/52 MP: 10/13
  4663 | D:4      | Identified the +9 rapier "Ohetzez" {venom, rN+ Str+5
                  | Stlth+}
  5232 | D:5      | Entered Level 5 of the Dungeon
  5492 | D:5      | Reached skill level 5 in Earth Magic
  6516 | D:6      | Reached skill level 1 in Shields
  6516 | D:6      | Reached XP level 9. HP: 14/58 MP: 15/15
  7587 | D:7      | Reached skill level 5 in Dodging
  7667 | D:7      | Found a staircase to the Ecumenical Temple.
  7676 | Temple   | Entered the Ecumenical Temple
  7739 | Temple   | Became a worshipper of Vehumet
  8131 | D:7      | Reached skill level 5 in Stealth
  8703 | D:8      | Reached skill level 5 in Transmutations
  8718 | D:8      | Reached skill level 5 in Spellcasting
  8911 | D:8      | Found Ocumpet's Magic Scroll Shop.
  9231 | D:8      | Noticed a two-headed ogre
  9239 | D:8      | Killed a two-headed ogre
  9240 | D:8      | Reached skill level 5 in Fighting
  9240 | D:8      | Reached skill level 5 in Unarmed Combat
  9240 | D:8      | Reached XP level 10. HP: 66/66 MP: 7/17
  9529 | D:8      | Reached * piety under Vehumet
  9529 | D:8      | Offered knowledge of Foxfire by Vehumet.
 10113 | D:9      | Got the Incunabulum of Translocation and Conjuration
 10219 | D:9      | HP: 3/66 [centaur zombie (2)]
 10221 | D:9      | Slain by a centaur zombie

Illustrated notes

Levels and vault maps discovered:
D:1:      amcnicky_arrival_single_pillar, layout_rooms,
          dreamdust_ecumenical_altar_angels_and_demons
D:2:      layout_rooms, chequers_serial_rivers_marsh
D:3:      layout_rooms, ebering_ghost_rock_garden, fountainhead, uniq_sigmund,
          uniq_jessica, uniq_grinder, uniq_terence, uniq_robin
D:4:      layout_loops_corners, ebering_ghost_disaster_area
D:5:      layout_basic, small_statue_intersection
D:6:      layout_loops_cross
D:7:      layout_loops_ring, lemuel_temple_firewalk_b
D:8:      layout_rooms, serial_shops, shop
D:9:      layout_stronghold
Temple:   kilobyte_greek_temple

Skill      XL: |  1  2  3  4  5  6  7  8  9 |
---------------+----------------------------+-----
Unarmed Combat | 1 2 3 4 5 |  5.3
Fighting       | 1 2 3 4 5 |  5.5
Dodging        | 3 4 5 |  5.9
Spellcasting   | 3 4 5 |  5.5
Transmutations | 2 3 4 5 |  5.6
Earth Magic    | 4 5 6 |  6.3
Stealth        | 4 6 |  6.5
Shields        | 1 3 |  3.5

Action                   |  1- 3 |  4- 6 |  7- 9 | 10-12 || total
-------------------------+-------+-------+-------+-------++-------
Melee: Short sword       |    66 |       |       |       ||    66
       Constrict         |    19 |    12 |    48 |     1 ||    80
       Tentacles         |    13 |     7 |    45 |     7 ||    72
       Dagger            |     8 |    36 |    63 |       ||   107
       Punch             |       |     1 |     6 |     1 ||     8
       Rapier            |       |       |   156 |    33 ||   189
Throw: Dart              |       |    12 |     4 |     3 ||    19
 Cast: Sandblast         |    10 |    12 |    25 |     6 ||    53
       Stone Arrow       |       |       |     3 |     6 ||     9
  Use: Scroll            |       |       |    15 |     3 ||    18
       Potion            |       |       |     4 |       ||     4
 Stab: Sleeping          |     5 |     4 |    14 |     5 ||    28
Armor: Skin              |     8 |     1 |    14 |     8 ||    31
Dodge: Dodged            |    59 |    29 |   139 |    41 ||   268
Block: Buckler           |       |       |    25 |    15 ||    40

Table legend: (Time is in decaauts)
 A = Elapsed time spent in this place.
 B = Non-inter-level travel time spent in this place.
 C = Inter-level travel time spent in this place.
 D = Time resting spent in this place.
 E = Time spent auto-exploring this place.
 F = Levels seen in this place.
 G = Mean time per level.
                   A        B        C        D        E       F      G
               +--------+--------+--------+--------+--------+-----+--------+
         Total |  10274 |  10051 |    223 |   3941 |   3664 |  10 | 1027.4 |
       Dungeon |  10177 |   9954 |    223 |   3941 |   3664 |   9 | 1130.8 |
        Temple |     97 |     97 |      0 |      0 |      0 |   1 |   97.0 |
               +--------+--------+--------+--------+--------+-----+--------+

Top non-repeatable levels by time:
     D:2: 1659 daAuts
     D:7: 1381 daAuts
     D:4: 1373 daAuts
     D:3: 1329 daAuts
     D:8: 1224 daAuts
     D:6: 1104 daAuts
     D:1: 951 daAuts
     D:5: 838 daAuts
     D:9: 314 daAuts
  Temple: 97 daAuts
